 Dungeon Crawl Stone Soup version 0.27-a0-604-g29a88b33a7 (webtiles) character file.

Game seed: 1548245795145117072

171 jestyr24 the Skirmisher (level 5, -1/57 HPs)
             Began as an Ogre Fighter on Mar 12, 2021.
             Killed from afar by an orc wizard (6 damage)
             ... with a magic dart
             ... on level 3 of the Dungeon.
             The game lasted 00:13:20 (3125 turns).

jestyr24 the Skirmisher (Ogre Fighter)              Turns: 3125, Time: 00:13:21

Health: -1/57      AC:  3    Str: 21    XL:     5   Next: 51%
Magic:  5/5        EV:  8    Int:  9    God:
Gold:   152        SH:  8    Dex:  8    Spells: 4/4 levels left

rFire    . . .     SeeInvis .   a - +0 flail
rCold    . . .     Faith    .   c - +0 kite shield
rNeg     . . .     Spirit   .   b - +0 robe
rPois    .         Reflect  .   (helmet restricted)
rElec    .         Harm     .   (no cloak)
rCorr    .         Rampage  .   (gloves unavailable)
Will     .....                  (boots unavailable)
Stlth    +.........             (no amulet)
HPRegen  0.19/turn              (no ring)
MPRegen  0.09/turn              (no ring)

@: no status effects
A: large, unfitting armour, tough skin 1
a: no special abilities


You were on level 3 of the Dungeon.
You visited 1 branch of the dungeon, and saw 3 of its levels.

You collected 152 gold pieces.

Inventory:

Hand Weapons
 a - a +0 flail (weapon)
 k - a +0 whip
 l - a +0 spear
Missiles
 f - 94 stones (quivered)
 v - 7 poisoned darts
Armour
 b - a +0 robe (worn)
 c - a +0 kite shield (worn)
Magical Staves
 q - a staff of fire
Scrolls
 g - 3 scrolls of identify
 j - a scroll of blinking {unknown}
 p - a scroll of random uselessness
 u - a scroll of teleportation {unknown}
Potions
 d - a potion of might
 e - a potion of ambrosia {unknown}
 h - 2 potions of haste
 i - a potion of heal wounds {unknown}
 m - 3 potions of degeneration {unknown}
 n - 2 potions of berserk rage {unknown}
 o - 4 potions of curing {unknown}
 s - a potion of flight {unknown}
 t - a potion of lignification {unknown}


   Skills:
 * Level 5.5 Fighting
 + Level 3.1 Maces & Flails
 * Level 1.5 Throwing
 - Level 3.0 Dodging
 + Level 3.3 Shields


You had 4 spell levels left.
You didn't know any spells.
Your spell library was empty.

Dungeon Overview and Level Annotations

Branches:
Dungeon (3/15)

Altars:
Gozag
Nemelex Xobeh


Innate Abilities, Weirdness & Mutations

You are too large for most types of armour.
You have tough skin. (AC +1)


Message History

You thump the orc priest!
The orc priest is heavily wounded.
The orc priest hits you with a +0 short sword. x2
You sock the orc priest!
You kill the orc priest!
Your Maces & Flails skill increases to level 3!
You barely miss something. Something hits you.
You barely miss something. Something hits you.
You closely miss something. Something hits you but does no damage.
Something hits you.
You hit something. Something completely misses you.
You sock something!
You hear some strange, mumbled words.
A magic dart appears from out of thin air!
The magic dart hits you. Something hits you but does no damage.
You hit something. Something hits you.
You barely miss something. Something hits you. x2
You miss something.
You hear some strange, mumbled words.
A puff of flame appears from out of thin air!
The puff of flame hits you!
You barely miss something.
You hear some strange, mumbled words.
A magic dart appears from out of thin air!
The magic dart hits you!
* * * LOW HITPOINT WARNING * * *
Something hits you.
* * * LOW HITPOINT WARNING * * *
As you read the scroll labelled SIUF ROKAPP, it crumbles to dust.
It is a scroll of identify.
p - a scroll of random uselessness Something hits you.
* * * LOW HITPOINT WARNING * * *
As you read the scroll labelled QIXYVV ZENLIS, it crumbles to dust.
The scroll dissolves into smoke.
It was a scroll of fog.
Something hits you.
* * * LOW HITPOINT WARNING * * *
You see here a goblin corpse.
A magic dart appears from out of thin air!
The magic dart hits you.
You die...

#. #. #. #. .##### #####
#.# #...{.. #.....
#.####....o##
#.....##............
#.......§@§# J....#
#......#§#§##J....# ###
#.......§§§{#.....# #..
.......#§#§§§§=...# #.#
#.....§§§######## #.#
#.....####
####.#####.....#######.#.
.>..............†).......
####.######....#####...#.


There were no monsters in sight!

Vanquished Creatures
  2 orc priests (D:3)
  An adder (D:2)
  3 oozes
  An adder skeleton (D:2)
  2 worms (D:3)
  3 leopard geckos
  4 orcs (D:3)
  6 giant cockroaches
  7 goblins
  12 hobgoblins
  2 jackals (D:1)
  7 kobolds
  A quokka (D:2)
  A ball python (D:3)
  9 bats
  3 frilled lizards
  8 rats
72 creatures vanquished.

Notes
Turn   | Place    | Note
-------+----------+-------------------------------------------
     0 | D:1      | jestyr24 the Ogre Fighter began the quest for the Orb.
     0 | D:1      | Reached XP level 1. HP: 24/24 MP: 1/1
   345 | D:1      | Reached XP level 2. HP: 29/33 MP: 2/2
   825 | D:1      | Reached XP level 3. HP: 37/40 MP: 3/3
  1326 | D:2      | Found a sparkling altar of Nemelex Xobeh.
  1470 | D:2      | Reached skill level 5 in Fighting
  1706 | D:2      | Reached XP level 4. HP: 50/50 MP: 4/4
  1734 | D:2      | Found an opulent altar of Gozag.
  2750 | D:3      | Reached XP level 5. HP: 20/57 MP: 5/5
  2961 | D:3      | Reached skill level 1 in Throwing
  3125 | D:3      | Killed from afar by an orc wizard

Illustrated notes

Levels and vault maps discovered:
D:1:      minmay_arrival_three_doors, layout_loops_ring
D:2:      layout_loops_ring, nemelex_xobeh_ov_fountains_minmay,
          nicolae_gozag_seed_capital, minmay_three_crescents
D:3:      layout_basic, serial_glass, glass_columns_a, glass_columns_b,
          glass_columns_c, glass_columns_b, glass_columns_b, glass_columns_a,
          glass_columns_a, glass_columns_a

Skill      XL: |  1  2  3  4  5 |
---------------+----------------+-----
Maces & Flails | 2 3 |  3.1
Dodging        | 3 |  3.0
Fighting       | 5 |  5.5
Shields        | 3 |  3.3
Throwing       | 1 |  1.5

Action                   |  1- 3 |  4- 6 || total
-------------------------+-------+-------++-------
Melee: Flail             |   103 |   126 ||   229
       Whip              |    41 |       ||    41
Throw: Stone             |    10 |    37 ||    47
  Use: Scroll            |       |     2 ||     2
Armor: Robe              |    53 |    18 ||    71
Dodge: Dodged            |    72 |    41 ||   113
Block: Kite shield       |    86 |    45 ||   131

Table legend: (Time is in decaauts)
 A = Elapsed time spent in this place.
 B = Non-inter-level travel time spent in this place.
 C = Inter-level travel time spent in this place.
 D = Time resting spent in this place.
 E = Time spent auto-exploring this place.
 F = Levels seen in this place.
 G = Mean time per level.
                   A        B        C        D        E       F      G
               +--------+--------+--------+--------+--------+-----+--------+
         Total |   3254 |   3192 |     62 |    909 |   1297 |   3 | 1084.7 |
       Dungeon |   3254 |   3192 |     62 |    909 |   1297 |   3 | 1084.7 |
               +--------+--------+--------+--------+--------+-----+--------+

Top non-repeatable levels by time:
     D:1: 1293 daAuts
     D:2: 1209 daAuts
     D:3: 752 daAuts
